 Dungeon Crawl Stone Soup version 0.19.1-1-g22dce08 (webtiles) character file.

81 theAP the Skirmisher (level 4, -3/30 HPs)
             Began as a Gargoyle Fighter on Jan 5, 2017.
             Slain by an orc warrior
             ... wielding a cursed +0 glaive
              (23 damage)
             ... on level 3 of the Dungeon.
             The game lasted 00:05:09 (1898 turns).

theAP the Skirmisher (Gargoyle Fighter)             Turns: 1898, Time: 00:05:10

Health: -3/30      AC: 10    Str: 20    XL:     4   Next: 42%
Magic:  4/4        EV:  7    Int:  9    God:
Gold:   64         SH:  9    Dex:  9    Spells: 0 memorised, 3 levels left

rFire  + . .     SeeInvis .     a - +0 flail
rCold  x . .     Gourm    .     b - +0 scale mail
rNeg   + . .     Faith    .     c - +0 shield
rPois  ∞         Spirit   .     (no helmet)
rElec  +         Reflect  .     (no cloak)
rCorr  .         Harm     .     (no gloves)
MR     .....                    (no boots)
Stlth  +.........               (no amulet)
                                i - ring of fire
                                h - ring of stealth

@: no status effects
A: negative energy resistance 1, electricity resistance, unbreathing,
petrification resistance, rot immunity, AC +3
a: no special abilities


You were on level 3 of the Dungeon.
You were not hungry.

You visited 1 branch of the dungeon, and saw 3 of its levels.

You collected 64 gold pieces.

Inventory:

Hand Weapons
 a - a +0 flail (weapon)
Armour
 b - a +0 scale mail (worn)
 c - a +0 shield (worn)
Jewellery
 h - a ring of stealth (left hand)
 i - a ring of fire (right hand)
Scrolls
 e - a scroll of amnesia {unknown}
 m - a scroll of magic mapping
Potions
 d - a potion of might
 k - 3 potions of haste
 l - a potion of flight
 o - a potion of cure mutation
Comestibles
 f - 3 bread rations
 g - a slice of pizza
 j - a meat ration


   Skills:
 + Level 4.3 Fighting
 * Level 3.5 Maces & Flails
 - Level 3.3 Armour
 - Level 3.4 Shields


You had 3 spell levels left.
You didn't know any spells.

Dungeon Overview and Level Annotations

Branches:
Dungeon (3/15)

Altars:


Innate Abilities, Weirdness & Mutations

You are resistant to torment.
Your stone body is resilient. (AC +3)
You are immune to poison.
You resist negative energy. (rN+)
You are resistant to electric shocks. (rElec)
You can survive without breathing.
You are immune to petrification.
You are immune to rotting.


Message History

The orc warrior hits you from afar with a glaive.
The orc hits you but does no damage.
You barely miss the orc.
The orc is almost dead.
You block the orc warrior's attack. The orc hits you but does no damage.
You hit the orc.
You kill the orc!
You block the orc warrior's attack.
You hit the orc but do no damage. You block the orc's attack.
The orc warrior hits you from afar with a glaive!
The orc hits you but does no damage.
Your scale mail prevents you from hitting the orc.
You block the orc warrior's attack. The orc hits you with a short sword.
You sock the orc!
You kill the orc!
You block the orc warrior's attack.
You closely miss the orc. The orc hits you but does no damage.
The orc warrior hits you from afar with a glaive!!
Ouch! That really hurt!
You die...

##.##
#.# #.#
#.#.#
#.#
#.#.#
#..
#.#.#
##.
#.#.#
#.#.#
#.#.#
#.#.##
#[..@#
#.###o#
#.# .o.
#.#
.###
##. ##
#


You could see an orc warrior and an orc.

Vanquished Creatures
  2 adders (D:2)
  An ooze (D:2)
  2 dart slugs
  A leopard gecko (D:2)
  2 orcs (D:3)
  4 ball pythons
  A giant cockroach (D:1)
  10 goblins
  5 hobgoblins
  8 bats
  3 frilled lizards
  5 kobolds
  5 rats
49 creatures vanquished.

Notes
Turn   | Place    | Note
-------+----------+-------------------------------------------
     0 | D:1      | theAP the Gargoyle Fighter began the quest for the Orb.
     0 | D:1      | Reached XP level 1. HP: 14/14 MP: 1/1
    80 | D:1      | Reached XP level 2. HP: 17/20 MP: 2/2
   610 | D:1      | Reached XP level 3. HP: 23/24 MP: 3/3
   993 | D:2      | Reached skill level 4 in Fighting
  1501 | D:2      | Reached XP level 4. HP: 26/30 MP: 4/4
  1790 | D:3      | Found a faded altar of an unknown god.
  1890 | D:3      | Noticed an orc warrior
  1898 | D:3      | Slain by an orc warrior

Skill      XL: |  1  2  3 |
---------------+----------+-----
Fighting       | 4 |  4.3
Maces & Flails | 3 |  3.5
Armour         | |  3.3
Shields        | |  3.4

Action                   |  1- 3 |  4- 6 || total
-------------------------+-------+-------++-------
Melee: Flail             |   121 |    29 ||   150
  Use: Scroll            |     2 |     5 ||     7
  Eat: Chunk             |     2 |     1 ||     3
Armor: Scale mail        |    65 |    12 ||    77
Dodge: Dodged            |    41 |     5 ||    46
Block: Shield            |    50 |    20 ||    70
